 Dungeon Crawl Stone Soup version 0.28.0 (webtiles) character file.

Game seed: 17239215401738337615

1592 HallandMoats the Skirmisher (level 8, -5/71 HPs)
             Began as a Ghoul Monk on Feb 8, 2022.
             Slain by Edmund (13 damage)
             ... on level 5 of the Dungeon.
             The game lasted 00:06:39 (5128 turns).

HallandMoats the Skirmisher (Ghoul Monk)            Turns: 5128, Time: 00:06:39

Health: -5/71      AC:  7    Str: 17    XL:     8   Next: 93%
Magic:  11/11      EV: 12    Int:  5    God:
Gold:   189        SH:  0    Dex: 11    Spells: 7/7 levels left

rFire   . . .      SeeInvis .     - Unarmed
rCold   + . .      Faith    .   (no shield)
rNeg    + + +      Spirit   .   i - +0 ring mail
rPois   ∞          Reflect  .   (no helmet)
rElec   .          Harm     .   (no cloak)
rCorr   .          Rampage  .   (no gloves)
Will    .....                   h - +1 pair of boots
Stlth   +.........              (no amulet)
HPRegen 0.00/turn               l - ring of flight
MPRegen 0.12/turn               (no ring)

@: about to teleport, flying, inhibited regen
A: claws 1, cold resistance 1, negative energy resistance 3, inhibited
regeneration, torment resistance 2
a: no special abilities


You were on level 5 of the Dungeon.
You visited 1 branch of the dungeon, and saw 6 of its levels.
You also visited: Ossuary.

You collected 239 gold pieces.
You spent 50 gold pieces at shops.

Inventory:

Armour
 a - a +1 pair of gloves
 h - a +1 pair of boots (worn)
 i - a +0 ring mail (worn)
Jewellery
 l - a ring of flight (left claw)
 D - a +6 ring of intelligence
Wands
 n - a wand of charming (3)
Scrolls
 b - 4 scrolls of blinking {unknown}
 c - 3 scrolls of fear {unknown}
 g - 2 scrolls of enchant weapon {unknown}
 j - 3 scrolls of identify
 o - a scroll of amnesia {unknown}
 p - 2 scrolls of noise {unknown}
 w - 3 scrolls of teleportation
 x - a scroll of fog {unknown}
 y - a scroll of summoning {unknown}
 z - a scroll of magic mapping {unknown}
 B - a scroll of silence {unknown}
 C - a scroll of vulnerability {unknown}
Potions
 d - a potion of haste {unknown}
 e - 3 potions of attraction {unknown}
 f - a potion of lignification {unknown}
 k - a potion of flight {unknown}
 m - a potion of ambrosia {unknown}
 q - 3 potions of curing {unknown}
 r - a potion of resistance {unknown}
 s - a potion of mutation {unknown}
 t - 3 potions of brilliance {unknown}
 u - 3 potions of might {unknown}
 v - a potion of magic {unknown}
 A - a potion of berserk rage {unknown}


   Skills:
 * Level 6.9 Fighting
 + Level 3.1 Armour
 + Level 4.4 Dodging
 - Level 2.1 Stealth
 * Level 6.7 Unarmed Combat
 * Level 5.8 Invocations


You had 7 spell levels left.
You didn't know any spells.
Your spell library contained the following spells:

 Spells                   Type           Power      Damage    Failure   Level
 Scorch                   Fire           0%         2d5       82%         2
 Flame Wave               Conj/Fire      0%         2d4       100%        4
 Summon Cactus Giant      Summ           0%         N/A       100%        6
 Chain Lightning          Conj/Air       0%         N/A       100%        9
 Fire Storm               Conj/Fire      0%         5d1       100%        9
 Shatter                  Erth           0%         3d5*      100%        9


Dungeon Overview and Level Annotations

Branches:
Dungeon (6/15)            Ossuary (visited)
 Temple: D:4-7

Altars:
Hepliaklqana
Makhleb
Wu Jian
Xom
Zin

Shops:
D:2 [   D:4 [(=?

Annotations:
D:5 Edmund


Innate Abilities, Weirdness & Mutations

You thrive by killing the living.
You are immune to poison.
You have sharp fingernails.
Your flesh is cold resistant. (rC+)
You are immune to negative energy. (rN+++)
You do not regenerate when monsters are visible.
You are immune to unholy pain and torment.


Message History

You are too injured to fight recklessly!
You are too injured to fight recklessly!
You are too injured to fight recklessly!
You are too injured to fight recklessly!
You are too injured to fight recklessly!
You are too injured to fight recklessly!
You are too injured to fight recklessly!
You are too injured to fight recklessly!
You are too injured to fight recklessly!
You are too injured to fight recklessly!
You are too injured to fight recklessly!
You are too injured to fight recklessly!
You are too injured to fight recklessly!
You are too injured to fight recklessly!
You are too injured to fight recklessly!
You are too injured to fight recklessly!
There are monsters nearby!
There are monsters nearby!
You scratch the centaur.
The centaur is severely wounded.
The centaur misses you. The centaur barely misses you.
Edmund closely misses you. The centaur hits you. The centaur kicks you.
You claw the centaur!
You kill the centaur!
You feel better. Edmund closely misses you.
You scratch Edmund.
Edmund is lightly wounded.
Edmund closely misses you.
You scratch Edmund but do no damage.
Edmund is lightly wounded.
Edmund hits you with a +5 dire flail of protection!
* * * LOW HITPOINT WARNING * * *
You closely miss Edmund.
Edmund is lightly wounded.
Edmund hits you with a +5 dire flail of protection!
* * * LOW HITPOINT WARNING * * *
As you read the scroll of teleportation, it crumbles to dust.
You feel strangely unstable.
Edmund hits you with a +5 dire flail of protection!
You die...

..## .. ...###.#
......# #. #.....#
##.# . #.....#
#..# .. ##....##
##..#
#.<###......###..#
#........@.......#
#......@.......#
#....).........##
#.........###....#
.......####
##...## .....(#
##...## .....#
##...# ....# #...#
.... ##...#


You could see Edmund.

Vanquished Creatures
  2 water moccasins (D:6)
  2 black bears (D:4)
  An ogre (D:5)
  3 necrophages (D:4)
  A centaur (D:5)
  2 scorpions
  2 water moccasin zombies (Ossuary)
  A jelly (D:4)
  A hound (D:6)
  An orc priest (D:4)
  A gnoll shaman (D:4)
  An iguana (D:5)
  Natasha (D:2)
  2 mummies (Ossuary)
  A hound skeleton (D:4)
  7 adders
  10 gnolls
  7 adder zombies (Ossuary)
  5 worms
  2 dart slugs (D:2)
  8 orcs
  5 bats
  5 endoplasms
  3 giant cockroaches
  12 goblins
  8 hobgoblins
  9 jackals
  8 kobolds
  7 quokkas
  6 ball pythons
  6 frilled lizards
  2 gnoll zombies (Ossuary)
  2 hobgoblin zombies (Ossuary)
  7 kobold zombies (Ossuary)
  4 orc zombies (Ossuary)
  9 rats
154 creatures vanquished.

Notes
Turn   | Place    | Note
-------+----------+-------------------------------------------
     0 | D:1      | HallandMoats the Ghoul Monk began the quest for the Orb.
     0 | D:1      | Reached XP level 1. HP: 19/19 MP: 0/0
   241 | D:1      | Reached XP level 2. HP: 23/26 MP: 1/1
   410 | D:1      | Reached skill level 1 in Invocations
   904 | D:1      | Reached XP level 3. HP: 33/33 MP: 2/2
  1455 | D:2      | Reached XP level 4. HP: 40/40 MP: 4/4
  1862 | D:2      | Found Suwn's Antique Armour Shop.
  2003 | D:2      | Noticed Natasha
  2010 | D:2      | Killed Natasha
  2011 | D:2      | Reached skill level 1 in Armour
  2011 | D:2      | Reached XP level 5. HP: 45/46 MP: 5/5
  2092 | D:3      | You are sucked into a shaft and drop 3 floors!
  2165 | D:6      | Noticed a water moccasin
  2175 | D:6      | Killed a water moccasin
  2176 | D:6      | Reached XP level 6. HP: 42/53 MP: 5/7
  2200 | D:6      | Noticed a water moccasin
  2221 | D:6      | Killed a water moccasin
  2336 | D:6      | Found a burning altar of Makhleb.
  2351 | D:6      | Found a sand-covered staircase.
  2356 | Ossuary  | Entered an ossuary
  2430 | Ossuary  | Reached skill level 5 in Fighting
  2430 | Ossuary  | Reached skill level 5 in Unarmed Combat
  2430 | Ossuary  | Reached XP level 7. HP: 46/61 MP: 8/8
  2916 | D:6      | Found a shimmering altar of Xom.
  2917 | D:6      | Found a hazy altar of Hepliaklqana.
  2918 | D:6      | Noticed a spectral ugly thing
  2933 | D:5      | Entered Level 5 of the Dungeon
  2989 | D:4      | Found Soliwiajir's Magic Scroll Shoppe.
  3022 | D:4      | Found Ofuquceh's Weapon Shoppe.
  3202 | D:4      | Bought a scroll of identify for 20 gold pieces
  3202 | D:4      | Bought a scroll of teleportation for 30 gold pieces
  3225 | D:4      | Found Kirghad's Jewellery Emporium.
  3234 | D:4      | Reached XP level 8. HP: 69/70 MP: 10/10
  3633 | D:3      | Found a faded altar of an unknown god.
  3909 | D:3      | Found an ornate altar of the Wu Jian Council.
  4243 | D:4      | Reached skill level 5 in Invocations
  4530 | D:4      | Found Xecum's Antique Armour Boutique.
  5113 | D:5      | Noticed Edmund
  5128 | D:5      | Slain by Edmund

Illustrated notes

Levels and vault maps discovered:
D:1:      psy_arrival_heroes, layout_basic, serial_bayou, serial_bayou_pond_e,
          serial_bayou_pond_d, serial_bayou_shore_a, serial_bayou_lagoon_b,
          interstate_on_off
D:2:      layout_rooms, serial_shops, shop, uniq_natasha
D:3:      minmay_chambers_of_threes, layout_loops_ring,
          gammafunk_temple_overflow_elements,
          hellmonk_ecumenical_altar_heavens_door, minmay_misc_feat_rugged,
          minmay_misc_feat_rows, minmay_misc_feat_secret_circle,
          kennysheep_generic_room_15
D:4:      layout_basic, serial_shops, shop, nicolae_shop_trees,
          nicolae_diamond_shop, nicolae_shop_crystal, kennysheep_small_circle
D:5:      layout_layer_cave, yredelemnul_forgotten_temple_becter,
          mainiacjoe_overflow_brackets, uniq_edmund
D:6:      layout_loops_cross, regret_index_temple_of_mockery,
          mainiacjoe_overflow_catch_the_wave, temple_fountains, enter_ossuary_2

Skill      XL: |  1  2  3  4  5  6  7  8 |
---------------+-------------------------+-----
Invocations    | 1 2 3 4 5 |  5.8
Dodging        | 3 4 |  4.4
Fighting       | 4 5 6 |  6.9
Unarmed Combat | 4 5 6 |  6.7
Armour         | 1 2 3 |  3.1
Stealth        | |  2.1

Action                   |  1- 3 |  4- 6 |  7- 9 || total
-------------------------+-------+-------+-------++-------
Melee: Unarmed           |   149 |   107 |   362 ||   618
       Punch             |     3 |     5 |    17 ||    25
  Use: Scroll            |       |       |     1 ||     1
 Stab: Sleeping          |     2 |       |       ||     2
Armor: Robe              |    17 |       |       ||    17
       Ring mail         |    51 |    42 |   131 ||   224
Dodge: Dodged            |    82 |    59 |   212 ||   353
